 Dungeon Crawl Stone Soup version 0.28.0-53-g5a82cb258f (webtiles) character file.

Game seed: 11512025906377456107

277 Peloso the Covered (level 6, 0/53 HPs)
             Began as a Minotaur Fighter on Aug 10, 2022.
             Was an Initiate of Okawaru.
             Slain by an orc warrior
             ... wielding a +0 scimitar
              (20 damage)
             ... on level 4 of the Dungeon.
             The game lasted 00:04:18 (2682 turns).

Peloso the Covered (Minotaur Fighter)               Turns: 2682, Time: 00:04:18

Health: 0/53       AC:  8    Str: 21    XL:     6   Next: 4%
Magic:  14/14      EV:  9    Int:  5    God:    Okawaru [......]
Gold:   137        SH:  5    Dex: 11    Spells: 5/5 levels left

rFire   . . .      SeeInvis .   a - +0 long sword
rCold   . . .      Faith    .   c - +0 buckler
rNeg    . . .      Spirit   .   b - +0 scale mail
rPois   .          Reflect  .   (helmet restricted)
rElec   .          Harm     .   (no cloak)
rCorr   .          Rampage  .   (no gloves)
Will    .....                   f - +0 pair of boots
Stlth   ..........              (no amulet)
HPRegen 0.17/turn               s - ring of Teaqet {MP+9 Slay+3}
MPRegen 0.14/turn               (no ring)

@: no status effects
A: horns 2, retaliatory headbutt
a: Renounce Religion


You were on level 4 of the Dungeon.
You worshipped Okawaru.
Okawaru was noncommittal.
You visited 2 branches of the dungeon, and saw 5 of its levels.

You collected 137 gold pieces.

Inventory:

Hand Weapons
 a - a +0 long sword (weapon)
Armour
 b - a +0 scale mail (worn)
 c - a +0 buckler (worn)
 f - a +0 pair of boots (worn)
Jewellery
 s - the ring of Teaqet (left hand) {MP+9 Slay+3}
   (You found it on level 3 of the Dungeon)

   [ring of magical power]

   Slay:      It affects your accuracy & damage with ranged weapons and melee
   (+3).
   MP:        It affects your magic capacity (+9).
Wands
 r - a wand of iceblast (10)
Scrolls
 g - a scroll of acquirement {unknown}
 h - a scroll of teleportation {unknown}
 m - a scroll of summoning {unknown}
 n - a scroll of torment {unknown}
 p - a scroll of fear {unknown}
 q - 2 scrolls of blinking {unknown}
Potions
 d - 2 potions of might
 e - a potion of ambrosia {unknown}
 i - 2 potions of heal wounds
 j - a potion of haste
 k - a potion of magic


   Skills:
 + Level 4.7 Fighting
 + Level 4.9 Long Blades
 + Level 5.1 Armour
 + Level 1.1 Dodging
 + Level 0.8 Stealth
 + Level 4.4 Shields


You had 5 spell levels left.
You didn't know any spells.
Your spell library contained the following spells:

 Spells                   Type           Power      Damage    Failure   Level
 Scorch                   Fire           0%         2d5       95%         2
 Flame Wave               Conj/Fire      0%         2d4       100%        4
 Summon Cactus Giant      Summ           Unusable   N/A       N/A         6

Dungeon Overview and Level Annotations

Branches:
Dungeon (4/15)             Temple (1/1) D:4

Altars:
Cheibriados
Dithmenos
Fedhas
Gozag
Makhleb
Okawaru
Ru
Uskayaw
Vehumet
Xom
Yredelemnul


Innate Abilities, Weirdness & Mutations

You have a pair of horns on your head.
You reflexively headbutt those who attack you in melee.


Message History

You slash the necrophage!
You destroy the necrophage!
Okawaru is honoured by your kill. You block the orc's attack.
Your Armour skill increases to level 5!
Your Dodging skill increases to level 1!
You have reached level 6!
You barely miss the orc. The orc hits you with a +0 falchion.
You hit the orc. You headbutt the orc.
You kill the orc!
Okawaru accepts your kill.
You hit the orc warrior.
You headbutt the orc warrior, but do no damage.
The orc warrior is lightly wounded.
The orc warrior hits you but does no damage.
You barely miss the orc warrior. Your headbutt misses the orc warrior.
The orc warrior is lightly wounded.
The orc warrior hits you with a +0 scimitar!!
You hit the orc warrior. Your headbutt misses the orc warrior.
The orc warrior is moderately wounded.
The orc warrior hits you with a +0 scimitar!
You hit the orc warrior.
The orc warrior is moderately wounded.
The orc warrior closely misses you.
The orc warrior hits you with a +0 scimitar!
You barely miss the orc warrior. You headbutt the orc warrior.
The orc warrior is heavily wounded.
The orc warrior completely misses you.
You hit the orc warrior. Your headbutt misses the orc warrior.
The orc warrior is heavily wounded.
You block the orc warrior's attack.
You hit the orc warrior but do no damage.
Your headbutt misses the orc warrior.
The orc warrior is heavily wounded.
The orc warrior barely misses you.
You hit the orc warrior. You headbutt the orc warrior!
The orc warrior is almost dead.
The orc warrior barely misses you.
The orc warrior hits you with a +0 scimitar!!
You die...

##..P..P≈≈≈≈≈≈≈≈
#..P.PP≈♣≈♣≈P≈≈P
#.≈≈P≈♣≈≈≈P.P#.#
#.PP≈≈♣≈♣PPP##.. ###
#.≈≈≈≈♣♣≈P..#### ....
#.≈P≈♣♣≈♣PP##### .....
#.≈≈P≈≈≈♣PPPP...
......####..≈PPP≈≈♣≈≈.PPP
......'o@'.....≈..≈♣≈≈≈P.
......####.......P≈PP≈♣≈≈
..... #.........P≈PPPP
##.. #######.?..#≈PPP #.
..[....###P. #
..>n........ ............
...##.#.#..# #.#.#<..


You could see an orc warrior.

Vanquished Creatures
  A necrophage (D:4)
  A hound (D:3)
  Jessica (D:2)
  4 gnolls (D:2)
  An adder (D:2)
  4 worms
  2 dart slugs (D:1)
  4 orcs
  6 ball pythons
  9 bats
  5 endoplasms
  5 giant cockroaches
  2 goblins
  7 hobgoblins
  3 jackals (D:3)
  3 kobolds (D:2)
  A quokka (D:1)
  5 frilled lizards
  4 rats
68 creatures vanquished.

Vanquished Creatures (others)
  4 plants (D:4)
4 creatures vanquished.

Grand Total: 72 creatures vanquished

Notes
Turn   | Place    | Note
-------+----------+-------------------------------------------
     0 | D:1      | Peloso the Minotaur Fighter began the quest for the Orb.
     0 | D:1      | Reached XP level 1. HP: 19/19 MP: 0/0
    66 | D:1      | Reached skill level 4 in Armour
    66 | D:1      | Reached XP level 2. HP: 27/27 MP: 1/1
   128 | D:1      | Found a faded altar of an unknown god.
   543 | D:2      | Reached XP level 3. HP: 33/33 MP: 2/2
   632 | D:2      | Noticed Jessica
   636 | D:2      | Killed Jessica
   849 | D:2      | Reached XP level 4. HP: 23/41 MP: 3/3
  1584 | D:3      | Reached XP level 5. HP: 39/47 MP: 4/4
  1848 | D:3      | Identified the ring of Teaqet {MP+9 Slay+3}
  2160 | D:4      | Found a staircase to the Ecumenical Temple.
  2161 | D:4      | Noticed an orc warrior
  2170 | Temple   | Entered the Ecumenical Temple
  2266 | Temple   | Became a worshipper of Warmaster Okawaru
  2328 | D:4      | Noticed a necrophage
  2672 | D:4      | Killed a necrophage
  2673 | D:4      | Reached skill level 5 in Armour
  2673 | D:4      | Reached skill level 1 in Dodging
  2673 | D:4      | Reached XP level 6. HP: 53/53 MP: 5/5
  2682 | D:4      | Slain by an orc warrior

Illustrated notes

Levels and vault maps discovered:
D:1:      mrwooster_arrival_statue_3, layout_rooms,
          dreamdust_ecumenical_altar_statues
D:2:      layout_loops_cross, uniq_jessica
D:3:      layout_basic, bh_walls_and_bars
D:4:      layout_basic, minmay_temple_entry_wispy, amethyst_killhole,
          serial_bayou_lagoon_a, st_stairs_10
Temple:   mainiacjoe_temple_hex_bubbles

Skill      XL: |  1  2  3  4  5 |
---------------+----------------+-----
Armour         | 4 5 |  5.1
Fighting       | 4 |  4.7
Shields        | 4 |  4.4
Long Blades    | 3 4 |  4.9
Dodging        | 1 |  1.1
Stealth        | |  0.8

Action                   |  1- 3 |  4- 6 || total
-------------------------+-------+-------++-------
Melee: Long sword        |    60 |    93 ||   153
       Headbutt          |     6 |    17 ||    23
  Use: Scroll            |       |     4 ||     4
Armor: Scale mail        |    39 |    41 ||    80
Dodge: Dodged            |    27 |    44 ||    71
Block: Buckler           |    16 |    29 ||    45
